EL
PITTSFIELD COLONIALS @ PAWTUCKET PAW SOX
06/01/1982
 
TOP OF THE 1ST
Pittsfield Colonials batting - Pitching for Pawtucket Paw Sox : RHP Curtis Coward
Pitching: RHP Curtis Coward
Batting: SHB Steve Scafa 0-0: SINGLE (Groundball, 56S, EV 62.5 MPH) (infield hit)
Batting: SHB Mitch Webster 0-0: Grounds into double play, 4-6-3 (Groundball, 4, EV 97.5 MPH)
Batting: RHB Shawon Dunston 0-0: Ground out 4-3 (Groundball, 4S, EV 88.1 MPH)
Top of the 1st over - 0 runs, 1 hit, 0 errors, 0 left on base; Pittsfield 0 - Pawtucket 0
BOTTOM OF THE 1ST
Pawtucket Paw Sox batting - Pitching for Pittsfield Colonials : RHP Robert Vavrock
Pitching: RHP Robert Vavrock
Batting: LHB Jeff Stone 0-0: Swinging Strike
0-1: Called Strike
0-2: Ball
1-2: Ball
2-2: Ball
3-2: Strikes out looking
Batting: RHB Shooty Babitt 0-0: Ball
1-0: Ball
2-0: Called Strike
2-1: Ball
3-1: Fly out, F9 (Line Drive, 9D, EV 88.1 MPH)
Batting: LHB Dave Haberle 0-0: Ball
1-0: Ball
2-0: Ball
3-0: Called Strike
3-1: Foul Ball, location: 2F
3-2: Foul Ball, location: 2F
3-2: Base on Balls
Batting: RHB Brick Smith 0-0: Ball
1-0: SINGLE (Line Drive, 4MD, EV 102.5 MPH)
Dave Haberle to second
Runner from 2nd tries for 3rd, OUT! 8-5
Bottom of the 1st over - 0 runs, 1 hit, 0 errors, 1 left on base; Pittsfield 0 - Pawtucket 0
TOP OF THE 2ND
Pittsfield Colonials batting - Pitching for Pawtucket Paw Sox : RHP Curtis Coward
Batting: SHB Felipe Gracia 0-0: Ball
1-0: Ground out 4-3 (Groundball, 34, EV 90.0 MPH)
Batting: RHB Mike Brewer 0-0: Fly out, F8 (Flyball, 89D, EV 99.4 MPH)
Batting: LHB James Wojcik 0-0: Called Strike
0-1: Ball
1-1: Swinging Strike
1-2: Fly out, F7 (Line Drive, 7, EV 95.6 MPH)
Top of the 2nd over - 0 runs, 0 hits, 0 errors, 0 left on base; Pittsfield 0 - Pawtucket 0
BOTTOM OF THE 2ND
Pawtucket Paw Sox batting - Pitching for Pittsfield Colonials : RHP Robert Vavrock
Batting: RHB Robert Duran 0-0: Ball
1-0: Foul Ball, location: 2F
1-1: Swinging Strike
1-2: Foul Ball, location: 2F
1-2: Foul Ball, location: 2F
1-2: Strikes out swinging
Batting: RHB Dave Malpeso 0-0: Called Strike
0-1: Ball
1-1: Swinging Strike
1-2: Ball
2-2: Strikes out looking
Batting: LHB David Wiggins 0-0: Foul Ball, location: 2F
0-1: Foul Ball, location: 2F
0-2: Ball
1-2: Ball
2-2: Ground out 5-3 (Groundball, 56S, EV 70.0 MPH)
Bottom of the 2nd over - 0 runs, 0 hits, 0 errors, 0 left on base; Pittsfield 0 - Pawtucket 0
TOP OF THE 3RD
Pittsfield Colonials batting - Pitching for Pawtucket Paw Sox : RHP Curtis Coward
Batting: RHB Steven Ramler 0-0: Ball
1-0: Fly out, F7 (Flyball, 7D, EV 101.9 MPH)
Batting: SHB David Enos 0-0: Foul Ball, location: 2F
0-1: Fly out, F9 (Flyball, 89S, EV 89.4 MPH)
Batting: RHB Juan Castro 0-0: Ball
1-0: Called Strike
1-1: Ball
2-1: Ball
3-1: Base on Balls
Batting: SHB Steve Scafa 0-0: Ball
1-0: Ball
Juan Castro steals 2nd base
2-0: Foul Ball, location: 2F
2-1: Foul Ball, location: 2F
2-2: Fly out, F8 (Line Drive, 8LM, EV 105.6 MPH)
Top of the 3rd over - 0 runs, 0 hits, 0 errors, 1 left on base; Pittsfield 0 - Pawtucket 0
BOTTOM OF THE 3RD
Pawtucket Paw Sox batting - Pitching for Pittsfield Colonials : RHP Robert Vavrock
Batting: LHB Steven Blackman 0-0: Ball
1-0: Ball
2-0: Ball
3-0: Called Strike
3-1: Foul Ball, location: 2F
3-2: Base on Balls
Batting: RHB Gary Hargis 0-0: Ball
1-0: DOUBLE (Line Drive, 9LS, EV 100.0 MPH)
Steven Blackman to third
Batting: LHB Jeff Stone 0-0: Ball
1-0: Called Strike
1-1: Ball
2-1: Called Strike
2-2: Ball
3-2: Foul Ball, location: 2F
3-2: Ground out 4-3 (Groundball, 4, EV 81.9 MPH)
Steven Blackman scores
Gary Hargis to third
Batting: RHB Shooty Babitt 0-0: Called Strike
0-1: SINGLE (Line Drive, 56D, EV 100.0 MPH)
Gary Hargis scores
Batting: LHB Dave Haberle 0-0: Foul Ball, location: 2F
0-1: Ball
Shooty Babitt steals 2nd base
1-1: Foul Ball, location: 2F
1-2: Ball
2-2: Ball
3-2: Ground out 6-3 (Groundball, 6, EV 88.1 MPH)
Shooty Babitt to third
Batting: RHB Brick Smith 0-0: Ball
1-0: Ball
2-0: Called Strike
2-1: SINGLE (Flyball, 8RS, EV 90.6 MPH)
Shooty Babitt scores
Batting: RHB Robert Duran 0-0: Ball
1-0: Ball
2-0: Foul Ball, location: 2F
2-1: Ball
3-1: Foul Ball, location: 2F
3-2: Foul Ball, location: 2F
3-2: Strikes out looking
Bottom of the 3rd over - 3 runs, 3 hits, 0 errors, 1 left on base; Pittsfield 0 - Pawtucket 3
TOP OF THE 4TH
Pittsfield Colonials batting - Pitching for Pawtucket Paw Sox : RHP Curtis Coward
Batting: SHB Mitch Webster 0-0: Ball
1-0: Foul Ball, location: 2F
1-1: Swinging Strike
1-2: Fly out, F9 (Flyball, 89S, EV 77.5 MPH)
Batting: RHB Shawon Dunston 0-0: Ball
1-0: SINGLE (Groundball, 6D, EV 103.8 MPH)
Batting: SHB Felipe Gracia 0-0: Called Strike
Shawon Dunston steals 2nd base
0-1: Ball
1-1: SINGLE (Groundball, 34D, EV 111.3 MPH)
Shawon Dunston to third
Runner from 3rd tries for Home, SAFE, throw by RF to home
Felipe Gracia to second
Batting: RHB Mike Brewer 0-0: Swinging Strike
0-1: Ball
1-1: Called Strike
1-2: Ball
2-2: 2-RUN HOME RUN (Flyball, 78XD, EV 111.3 MPH), Distance : 431 ft
Batting: LHB James Wojcik 0-0: Called Strike
0-1: Called Strike
0-2: Ball
1-2: Ball
2-2: Foul Ball, location: 2F
2-2: Ground out 5-3 (Groundball, 56S, EV 90.6 MPH)
Batting: RHB Steven Ramler 0-0: Ball
1-0: Ball
2-0: Fly out, F8 (Flyball, 8LM, EV 97.5 MPH)
Top of the 4th over - 3 runs, 3 hits, 0 errors, 0 left on base; Pittsfield 3 - Pawtucket 3
BOTTOM OF THE 4TH
Pawtucket Paw Sox batting - Pitching for Pittsfield Colonials : RHP Robert Vavrock
Batting: RHB Dave Malpeso 0-0: Fly out, F9 (Line Drive, 9, EV 101.3 MPH)
Batting: LHB David Wiggins 0-0: Ball
1-0: Fly out, F7 (Flyball, 7D, EV 106.9 MPH)
Batting: LHB Steven Blackman 0-0: Fly out, F3 (Line Drive, 3, EV 73.8 MPH)
Bottom of the 4th over - 0 runs, 0 hits, 0 errors, 0 left on base; Pittsfield 3 - Pawtucket 3
TOP OF THE 5TH
Pittsfield Colonials batting - Pitching for Pawtucket Paw Sox : RHP Curtis Coward
Batting: SHB David Enos 0-0: Foul Ball, location: 2F
0-1: Swinging Strike
0-2: Reached on error, E5 (Groundball, 56, EV 106.3 MPH)
Batting: RHB Juan Castro 0-0: Ball
1-0: Ball
2-0: Called Strike
2-1: Called Strike
2-2: Ball
3-2: Foul Ball, location: 2F
3-2: Base on Balls
David Enos to second
Batting: SHB Steve Scafa 0-0: Bunt missed!
0-1: Bunt missed!
0-2: Ball
1-2: Ball
2-2: Ball
3-2: Foul Ball, location: 2F
3-2: Base on Balls
David Enos to third
Juan Castro to second
Batting: SHB Mitch Webster 0-0: Ball
1-0: Called Strike
1-1: Ball
2-1: Swinging Strike
2-2: Foul Ball, location: 2F
2-2: Grounds into double play, 6-2-3 (Groundball, 4M, EV 78.8 MPH)
Juan Castro to third
Steve Scafa to second
Batting: RHB Shawon Dunston 0-0: Foul Ball, location: 2F
0-1: SINGLE (Line Drive, 9S, EV 98.8 MPH)
Juan Castro scores
Steve Scafa to third
Runner from 3rd tries for Home, SAFE, throw by RF to home
Batting: SHB Felipe Gracia 0-0: Ball
1-0: Ball
2-0: Called Strike
2-1: Foul Ball, location: 2F
2-2: Ball
3-2: Ground out 4-3 (Groundball, 34, EV 78.8 MPH)
Top of the 5th over - 2 runs, 1 hit, 1 error, 1 left on base; Pittsfield 5 - Pawtucket 3
BOTTOM OF THE 5TH
Pawtucket Paw Sox batting - Pitching for Pittsfield Colonials : RHP Robert Vavrock
Batting: RHB Gary Hargis 0-0: Foul Ball, location: 2F
0-1: Ground out 5-3 (Groundball, 56, EV 97.5 MPH)
Batting: LHB Jeff Stone 0-0: Called Strike
0-1: Swinging Strike
0-2: Ball
1-2: DOUBLE (Flyball, 7LD, EV 98.1 MPH)
Batting: RHB Shooty Babitt 0-0: Fly out, F8 (Flyball, 8RM, EV 95.0 MPH)
Batting: LHB Dave Haberle 0-0: Called Strike
0-1: Called Strike
0-2: Foul Ball, location: 2F
0-2: Ball
1-2: Ball
2-2: Ball
3-2: Base on Balls
Batting: RHB Brick Smith 0-0: Fly out, F8 (Flyball, 8LXD, EV 106.3 MPH)
Bottom of the 5th over - 0 runs, 1 hit, 0 errors, 2 left on base; Pittsfield 5 - Pawtucket 3
TOP OF THE 6TH
Pittsfield Colonials batting - Pitching for Pawtucket Paw Sox : RHP Curtis Coward
Batting: RHB Mike Brewer 0-0: Called Strike
0-1: SINGLE (Groundball, 6MD, EV 89.4 MPH) (infield hit)
Batting: LHB James Wojcik 0-0: Grounds into double play, 5-4-3 (Groundball, 5L, EV 99.4 MPH)
Batting: RHB Steven Ramler 0-0: Foul Ball, location: 2F
0-1: Foul Ball, location: 2F
0-2: Ground out 6-3 (Groundball, 6, EV 86.3 MPH)
Top of the 6th over - 0 runs, 1 hit, 0 errors, 0 left on base; Pittsfield 5 - Pawtucket 3
BOTTOM OF THE 6TH
Pawtucket Paw Sox batting - Pitching for Pittsfield Colonials : RHP Robert Vavrock
Batting: RHB Robert Duran 0-0: Called Strike
0-1: Swinging Strike
0-2: Ball
1-2: Ball
2-2: Strikes out looking
Batting: RHB Dave Malpeso 0-0: Ball
1-0: Ball
2-0: Reached on error, E5 (Groundball, 56, EV 100.6 MPH)
Batting: LHB David Wiggins 0-0: SINGLE (Flyball, 56D, EV 93.1 MPH)
Dave Malpeso to third
Batting: LHB Steven Blackman 0-0: Foul Ball, location: 2F
0-1: DOUBLE (Line Drive, 78D, EV 111.9 MPH)
Dave Malpeso scores
David Wiggins to third
Runner from 3rd tries for Home, SAFE, no throw by CF
Pitching: RHP Dwight Lewis
Batting: RHB Gary Hargis 0-0: Called Strike
0-1: Swinging Strike
0-2: Ball
1-2: Foul Ball, location: 2F
1-2: Ball
2-2: Foul Ball, location: 2F
2-2: Foul Ball, location: 2F
2-2: Ball
3-2: Strikes out swinging
Batting: LHB Jeff Stone 0-0: Called Strike
0-1: Fly out, F2 (Popup, 23F, EV 91.3 MPH)
Bottom of the 6th over - 2 runs, 2 hits, 1 error, 1 left on base; Pittsfield 5 - Pawtucket 5
TOP OF THE 7TH
Pittsfield Colonials batting - Pitching for Pawtucket Paw Sox : RHP Curtis Coward
Batting: SHB David Enos 0-0: Foul Ball, location: 2F
0-1: Foul Ball, location: 2F
0-2: Ball
1-2: Fly out, F7 (Flyball, 7, EV 81.9 MPH)
Batting: RHB Juan Castro 0-0: Foul Ball, location: 2F
0-1: Swinging Strike
0-2: Ball
1-2: Ball
2-2: Strikes out looking
Batting: SHB Steve Scafa 0-0: Swinging Strike
0-1: Ball
1-1: Ball
2-1: Swinging Strike
2-2: Strikes out swinging
Top of the 7th over - 0 runs, 0 hits, 0 errors, 0 left on base; Pittsfield 5 - Pawtucket 5
BOTTOM OF THE 7TH
Pawtucket Paw Sox batting - Pitching for Pittsfield Colonials : RHP Dwight Lewis
Batting: RHB Shooty Babitt 0-0: Foul Ball, location: 2F
0-1: Foul Ball, location: 2F
0-2: Ball
1-2: Fly out, F7 (Line Drive, 7, EV 92.5 MPH)
Batting: LHB Dave Haberle 0-0: Ground out 4-3 (Groundball, 34, EV 86.9 MPH)
Batting: RHB Brick Smith 0-0: Fly out, F5 (Line Drive, 5, EV 71.3 MPH)
Bottom of the 7th over - 0 runs, 0 hits, 0 errors, 0 left on base; Pittsfield 5 - Pawtucket 5
TOP OF THE 8TH
Pittsfield Colonials batting - Pitching for Pawtucket Paw Sox : RHP Curtis Coward
Batting: SHB Mitch Webster 0-0: Ball
1-0: Fly out, F8 (Flyball, 8LD, EV 101.9 MPH)
Batting: RHB Shawon Dunston 0-0: Called Strike
0-1: Ground out 4-3 (Groundball, 4, EV 95.6 MPH)
Batting: SHB Felipe Gracia 0-0: Ball
1-0: Ball
2-0: Ball
3-0: Called Strike
3-1: Base on Balls
Batting: RHB Mike Brewer 0-0: Ball
1-0: Called Strike
1-1: Foul Ball, location: 2F
1-2: Fly out, F3 (Popup, 3SF, EV 87.5 MPH)
Top of the 8th over - 0 runs, 0 hits, 0 errors, 1 left on base; Pittsfield 5 - Pawtucket 5
BOTTOM OF THE 8TH
Pawtucket Paw Sox batting - Pitching for Pittsfield Colonials : RHP Dwight Lewis
Batting: RHB Robert Duran 0-0: Called Strike
0-1: DOUBLE (Flyball, 8LXD, EV 106.9 MPH)
Batting: RHB Dave Malpeso 0-0: Ball
1-0: 2-RUN HOME RUN (Flyball, 7LD, EV 105.0 MPH), Distance : 356 ft
Batting: LHB David Wiggins 0-0: Ball
1-0: Ball
2-0: Foul Ball, location: 2F
2-1: Reached on error, E5 (Groundball, 56S, EV 75.0 MPH)
Batting: LHB Steven Blackman 0-0: Called Strike
0-1: Ball
1-1: Called Strike
1-2: Ball
2-2: Foul Ball, location: 2F
2-2: Foul Ball, location: 2F
2-2: Ball
3-2: DOUBLE (Line Drive, 89D, EV 105.0 MPH)
David Wiggins to third
Batting: RHB Gary Hargis 0-0: Ball
1-0: Swinging Strike
1-1: Ball
2-1: DOUBLE (Line Drive, 89XD, EV 107.5 MPH)
David Wiggins scores
Steven Blackman scores
Pitching: RHP Douglas Henley
Batting: LHB Jeff Stone 0-0: Ball
1-0: Ball
2-0: TRIPLE (Groundball, 5L, EV 98.1 MPH)
Gary Hargis scores
Batting: RHB Shooty Babitt 0-0: Ball
1-0: Ground out 3-1 (Groundball, 34S, EV 69.4 MPH)
Jeff Stone scores
Batting: LHB Dave Haberle 0-0: Foul Ball, location: 2F
0-1: Called Strike
0-2: Ball
1-2: Ground out 2-3 (Groundball, 15S, EV 69.4 MPH)
Batting: RHB Brick Smith 0-0: Fly out, F8 (Line Drive, 8LM, EV 98.1 MPH)
Bottom of the 8th over - 6 runs, 5 hits, 1 error, 0 left on base; Pittsfield 5 - Pawtucket 11
TOP OF THE 9TH
Pittsfield Colonials batting - Pitching for Pawtucket Paw Sox : RHP Curtis Coward
Batting: LHB James Wojcik 0-0: Ball
1-0: Swinging Strike
1-1: Called Strike
1-2: Ground out 6-3 (Groundball, 6, EV 83.1 MPH)
Batting: RHB Steven Ramler 0-0: Foul Ball, location: 2F
0-1: Ball
1-1: Foul Ball, location: 2F
1-2: Foul Ball, location: 2F
1-2: Ball
2-2: Ground out 1-3 (Groundball, P, EV 65.0 MPH)
Batting: SHB David Enos 0-0: Ball
1-0: Called Strike
1-1: SINGLE (Groundball, 4MD, EV 96.9 MPH)
Batting: RHB Juan Castro 0-0: Ball
1-0: Fly out, F7 (Flyball, 7D, EV 105.6 MPH)
Top of the 9th over - 0 runs, 1 hit, 0 errors, 1 left on base; Pittsfield 5 - Pawtucket 11
Wednesday, August 5th, 2020 - OOTP Baseball 21.5 Build 76